 Dungeon Crawl Stone Soup version 0.17.1-1-g73c8601 (webtiles) character file.

2842 Mysteryquy the Martial Artist (level 9, -2/49 HPs)
             Began as a Vine Stalker Monk on Jan 2, 2016.
             Was a Priest of Cheibriados.
             Slain by a warg (8 damage)
             ... on level 7 of the Dungeon.
             The game lasted 00:15:55 (6753 turns).

Mysteryquy the Martial Artist (Vine Stalker Monk)   Turns: 6753, Time: 00:15:55

Health: -2/49      AC:  8    Str: 24    XL:     9   Next: 74%
Magic:  0/10       EV: 18    Int: 17    God:    Cheibriados [***...]
Gold:   354        SH:  0    Dex: 24    Spells: 0 memorised, 8 levels left

rFire  . . .     SeeInvis .       - Unarmed
rCold  . . .     Clarity  .     a - +0 robe
rNeg   . . .     SustAt   .     (no shield)
rPois  .         Gourm    .     (no helmet)
rElec  .         Spirit   +     w - +2 cloak
rCorr  .         Warding  .     (no gloves)
rMut   .         Stasis   .     z - +2 pair of boots
MR     +....                    u - amulet of guardian spirit
Stlth  +++.......               (no ring)
                                (no ring)

@: very slow, somewhat resistant to hostile enchantments, fairly stealthy
A: fangs 3, regeneration 2, magic shield, antimagic bite, no device heal 3, rot
immunity
a: Bend Time, Temporal Distortion, Renounce Religion


You were on level 7 of the Dungeon.
You worshipped Cheibriados.
Cheibriados was most pleased with you.
You were not hungry.

You visited 2 branches of the dungeon, and saw 9 of its levels.

You collected 456 gold pieces.
You spent 102 gold pieces at shops.

Inventory:

Armour
 a - a +0 robe (worn)
 m - a +0 pair of boots
 s - a +2 cloak
 w - a +2 cloak (worn)
 z - a +2 pair of boots (worn)
Jewellery
 u - an amulet of guardian spirit (around neck)
 C - an uncursed amulet of resist mutation {unknown}
 H - a cursed amulet of inaccuracy {unknown}
 K - a +4 ring of intelligence {unknown}
 L - a cursed ring of positive energy {unknown}
 O - an uncursed ring of ice {unknown}
Wands
 x - a wand of random effects (16)
 D - a wand of fire (7)
Scrolls
 e - 3 scrolls of teleportation {unknown}
 g - 3 scrolls of remove curse {unknown}
 i - 3 scrolls of blinking {unknown}
 k - 4 scrolls of recharging {unknown}
 l - 3 scrolls of fog {unknown}
 n - 5 scrolls of identify {unknown}
 q - 3 scrolls of magic mapping {unknown}
 r - 2 scrolls of enchant armour {unknown}
 y - 2 scrolls of fear {unknown}
 A - a scroll of enchant weapon {unknown}
 E - a scroll of random uselessness {unknown}
 J - a scroll of amnesia {unknown}
 M - a scroll of immolation {unknown}
Potions
 c - 5 potions of curing
 d - a potion of haste {unknown}
 j - 2 potions of lignification {unknown}
 p - 5 potions of poison {unknown}
 v - a potion of might {unknown}
 F - 2 potions of flight {unknown}
 I - a potion of agility
Books
 B - a book of the Tempests

   Spells                             Type                      Level
   a - Static Discharge               Conjuration/Air              3
   b - Lightning Bolt                 Conjuration/Air              5
   c - Fireball                       Conjuration/Fire             5
   d - Tornado                        Air                          9
   e - Shatter                        Earth                        9
 P - a book of Geomancy

   Spells                             Type                      Level
   a - Sandblast                      Earth                        1
   b - Stoneskin                      Transmutation/Earth          2
   c - Passwall                       Transmutation/Earth          3
   d - Stone Arrow                    Conjuration/Earth            3
   e - Petrify                        Transmutation/Earth          4
   f - Lee's Rapid Deconstruction     Earth                        5
Comestibles
 b - 3 bread rations
 f - a beef jerky
 h - 8 fruits
 o - 2 royal jellies
 t - 3 meat rations
 G - a slice of pizza


   Skills:
 + Level 6.3 Fighting
 + Level 6.0 Dodging
 - Level 2.4 Stealth
 * Level 10.3 Unarmed Combat


You had 8 spell levels left.
You didn't know any spells.

Dungeon Overview and Level Annotations

Branches:
Dungeon (8/15)             Temple (1/1) D:6            Lair (0/8) D:8

Altars:
Ashenzari
Cheibriados
Dithmenos
Elyvilon
Fedhas
Gozag
Kikubaaqudgha
Makhleb
Nemelex Xobeh
Okawaru
Qazlal
Ru
Sif Muna
Trog
Vehumet
Xom
Yredelemnul
Zin
The Shining One

Shops:
D:5 !   D:8 ([}

Annotations:
D:5 Grinder


Innate Abilities, Weirdness & Mutations

You have razor-sharp teeth.
You heal very quickly.
When hurt, damage is shared between your health and your magic reserves.
Your bite disrupts and absorbs the magic of your enemies.
Potions and wands cannot restore your health.
You are immune to rotting.


Message History

a falchion; a leather armour; a short sword; an orc corpse The warg bites you but does no damage.
The warg completely misses you. The warg barely misses you.
The warg barely misses you. The warg completely misses you.
The warg closely misses you. The warg bites you! The warg closely misses you.
The warg barely misses you. The warg closely misses you. The warg bites you!
There is a stone staircase leading up, spattered with blood here.
The warg misses you.
You climb upwards.
There is a stone staircase leading down here.
You hit the warg. You bite the warg, but do no damage.
The warg is lightly wounded.
The orc warrior hits you with a war axe!!
* * * LOW HITPOINT WARNING * * *
The warg bites you!
You die...

#.#
#..###.............>
#.#
#............#......
##.##
#.####.........#####
#...#####
#..............#
#.......#
######.........#
#...###.#
#.......### #####
#.# #.......#
#.############.####
#......o@h.....#
################


You could see a warg and an orc warrior.

Vanquished Creatures
  Pikel (D:7)
  Sigmund (D:3)
  A hippogriff (D:7)
  An orc warrior (D:7)
  Duvessa (D:5)
  A slave (D:7)
  2 ice beasts
  A sky beast (D:8)
  A centaur (D:5)
  2 ogres
  2 giant frogs
  Blork the orc (D:5)
  Dowan (D:5)
  A scorpion (D:4)
  2 electric eels (D:6)
  A jelly (D:5)
  2 crimson imps
  4 hounds
  4 orc priests
  Crazy Yiuf (D:4)
  An iguana (D:6)
  4 orc wizards
  Jessica (D:3)
  3 worker ants
  Terence (D:3)
  A hound skeleton (D:5)
  A worker ant zombie (D:6)
  Robin (D:3)
  13 adders
  7 gnolls
  An ooze (D:2)
  An adder zombie (D:6)
  3 worms
  7 giant geckos
  12 orcs
  10 giant cockroaches
  17 goblins
  12 hobgoblins
  7 kobolds
  2 quokkas
  4 ball pythons
  10 bats
  A giant gecko skeleton (D:4)
  3 giant newts
  11 jackals
  A jackal zombie (D:7)
  A quokka zombie (D:5)
  6 rats
173 creatures vanquished.

Vanquished Creatures (others)
  A scorpion (D:7)
  An orc wizard (D:7)
  An orc (D:7)
  A quokka (D:7)
  A plant (D:5)
5 creatures vanquished.

Grand Total: 178 creatures vanquished

Notes
Turn   | Place    | Note
--------------------------------------------------------------
     0 | D:1      | Mysteryquy the Vine Stalker Monk began the quest for the Orb.
     0 | D:1      | Reached XP level 1. HP: 11/11 MP: 2/2
   147 | D:1      | Reached XP level 2. HP: 16/16 MP: 3/3
   592 | D:1      | Reached XP level 3. HP: 16/19 MP: 4/4
   957 | D:2      | Found a shadowy altar of Dithmenos.
  1033 | D:2      | Found an ancient bone altar of Kikubaaqudgha.
  1167 | D:2      | Reached XP level 4. HP: 24/24 MP: 5/5
  1445 | D:3      | Noticed Robin
  1478 | D:2      | Reached skill level 5 in Unarmed Combat
  1560 | D:3      | Noticed Sigmund
  1620 | D:3      | Reached XP level 5. HP: 21/28 MP: 4/6
  2052 | D:3      | Noticed Terence
  2064 | D:3      | Killed Terence
  2330 | D:3      | Found a radiant altar of Vehumet.
  2382 | D:3      | Killed Sigmund
  2382 | D:3      | Reached skill level 6 in Unarmed Combat
  2382 | D:3      | Gained mutation: You heal very quickly. [Vine Stalker growth]
  2382 | D:3      | Reached XP level 6. HP: 17/33 MP: 4/7
  2471 | D:3      | Killed Robin
  2515 | D:3      | Noticed Jessica
  2678 | D:3      | Killed Jessica
  2940 | D:4      | Reached XP level 7. HP: 31/37 MP: 6/8
  3298 | D:4      | Reached skill level 7 in Unarmed Combat
  3338 | D:4      | Noticed Crazy Yiuf
  3346 | D:4      | Killed Crazy Yiuf
  3470 | D:4      | Found a burning altar of Makhleb.
  3581 | D:5      | Entered Level 5 of the Dungeon
  3587 | D:5      | Found Musowory's Distillery.
  3594 | D:5      | Bought 2 potions of curing for 72 gold pieces
  3594 | D:5      | Bought a potion of mutation for 30 gold pieces
  3594 | D:5      | Gained mutation: You are somewhat resistant to further mutation. [potion of mutation]
  3594 | D:5      | Lost mutation: You are somewhat resistant to further mutation. [potion of mutation]
  3698 | D:5      | Noticed Duvessa
  3699 | D:5      | Noticed Dowan
  3712 | D:5      | Killed Duvessa
  3725 | D:5      | Killed Dowan
  3808 | D:5      | Gained mutation: You have razor-sharp teeth. [Vine Stalker growth]
  3808 | D:5      | Reached XP level 8. HP: 38/42 MP: 7/9
  3819 | D:5      | Found a glowing golden altar of the Shining One.
  3915 | D:5      | Noticed Blork the orc
  3923 | D:5      | Killed Blork the orc
  4008 | D:5      | Noticed Grinder
  4222 | D:5      | Reached skill level 8 in Unarmed Combat
  4237 | D:6      | Reached skill level 5 in Fighting
  4500 | D:5      | Found an iron altar of Okawaru.
  4896 | D:6      | Reached skill level 5 in Dodging
  5057 | D:6      | Found a staircase to the Ecumenical Temple.
  5076 | Temple   | Entered the Ecumenical Temple
  5192 | Temple   | Became a worshipper of Cheibriados the Contemplative
  5192 | Temple   | Reached * piety under Cheibriados
  5192 | Temple   | Reached ** piety under Cheibriados
  5406 | D:6      | Reached skill level 9 in Unarmed Combat
  5463 | D:6      | Reached XP level 9. HP: 47/47 MP: 10/10
  5886 | D:7      | Found an opulent altar of Gozag.
  5938 | D:7      | Noticed Pikel
  5945 | D:7      | Killed Pikel
  6499 | D:8      | Reached *** piety under Cheibriados
  6499 | D:8      | Reached skill level 10 in Unarmed Combat
  6531 | D:8      | Found Hiseve's Weapon Shoppe.
  6578 | D:8      | Found Kaihy's Antique Armour Shoppe.
  6712 | D:8      | Found Iwux Neeg's Gadget Emporium.
  6728 | D:8      | Found a staircase to the Lair.
  6753 | D:7      | Slain by a warg

Action                   |  1- 3 |  4- 6 |  7- 9 || total
-------------------------+-------+-------+-------++-------
Melee: Unarmed           |    88 |   177 |   298 ||   563
  Use: Potion            |       |       |     1 ||     1
 Stab: Sleeping          |     7 |     2 |     9 ||    18
       Distracted        |       |     1 |     1 ||     2
  Eat: Chunk             |     1 |     6 |    10 ||    17
